 Dungeon Crawl Stone Soup version 0.31-a0-149-g3fdcc5976a (webtiles) character file.

Game seed: 7173325946436503250

6 comborobin the Sneak (level 1, -1/13 HPs)
             Began as a Deep Elf Delver on June 7, 2023.
             Succumbed to an adder's poison
             ... on level 3 of the Dungeon.
             The game lasted 00:01:22 (269 turns).

comborobin the Sneak (Deep Elf Delver)               Turns: 269, Time: 00:01:23

Health: -1/13      AC:  3    Str:  9    XL:     1   Next: 75%
Magic:  3/3        EV: 12    Int: 14    God:
Gold:   25         SH:  0    Dex: 16    Spells: 0/0 levels left

rFire   . . .        a - +0 short sword
rCold   . . .        (no shield)
rNeg    . . .        b - +0 leather armour
rPois   .            (no helmet)
rElec   .            (no cloak)
rCorr   .            (no gloves)
SInv    .            (no boots)
Will    .....        (no amulet)
Stlth   +++          (no ring)
HPRegen 0.22/turn    (no ring)
MPRegen 0.08/turn

%: no passive effects
@: lethally poisoned (-1 -> -7)
A: no striking features
a: no special abilities


You were on level 3 of the Dungeon.
You visited 1 branch of the dungeon, and saw 4 of its levels.

You collected 25 gold pieces.

Inventory:

Hand Weapons
 a - a +0 short sword (weapon)
 j - a +0 long sword
Armour
 b - a +0 leather armour (worn)
Wands
 g - a wand of digging (3)
Scrolls
 c - a scroll of fog
 h - a scroll of vulnerability {unknown}


   Skills:
 + Level 2.5 Fighting
 + Level 2.1 Short Blades
 + Level 2.6 Dodging
 + Level 6.1 Stealth


You couldn't memorise any spells.
You didn't know any spells.
Your spell library was empty.

Dungeon Overview and Level Annotations

Branches:
Dungeon (6/15)
 Temple: D:4-7

Altars:


Message History

You hit the kobold.
The kobold is heavily wounded.
The kobold hits you but does no damage.
You miss the kobold.
The kobold is heavily wounded.
The kobold closely misses you.
You closely miss the kobold.
The kobold is heavily wounded.
The kobold hits you with a +0 dagger.
You hit the kobold.
You kill the kobold!
The adder bites you.
You are poisoned.
The adder poisons you!
You miss the adder.
You feel sick. The adder bites you.
You are too injured to fight recklessly!
You hit the adder.
The adder is heavily wounded.
You feel sick. The adder barely misses you.
You are too injured to fight recklessly!
You closely miss the adder.
The adder is heavily wounded.
You feel sick. The adder bites you.
* * * LOW HITPOINT WARNING * * *
You are too injured to fight recklessly!
You miss the adder.
The adder is heavily wounded.
* * * LOW HITPOINT WARNING * * *
You feel sick. The adder closely misses you.
You are too injured to fight recklessly!
You miss the adder.
The adder is heavily wounded.
The adder bites you.
* * * LOW HITPOINT WARNING * * *
You are more poisoned.
The adder poisons you!
You are too injured to fight recklessly!
You barely miss the adder.
The adder is heavily wounded.
You die...

*#.......#.....####.###..#**,,,,*
####....#....<##.......[********
##*#.....########......#,*⌠,,,,,,
..##...### #...?..#,*,,_,,_,
...#...#### ####......#.'⌠,,,,,,
..........# ##...........#,,,,,,,
........#####...g...g....#*******
....#.#.^......#S#######..,,,,,,,
#...#.#....#.###@#,,,*,,,,,,,,,,,
+................#,*,*,*,********
#...#####..#.#####,*,,,,,,*
...>....#.$..†...#,*,,,,,,*******
....###.#..#####.#,*,,,,,,,,,,,,,
......#,#..#,* *,*,,,,,,,,,,,,,**
....#......?,* *,*************,*
....##...#.#.* *,* *,*
.........#.#.***,* *,*


You could see an adder and a goblin.

Vanquished Creatures
  2 ball pythons
  A goblin (D:4)
  A hobgoblin (D:4)
  A kobold (D:3)
5 creatures vanquished.

Notes
Turn   | Place    | Note
-------+----------+-------------------------------------------
     0 | D:5      | comborobin the Deep Elf Delver began the quest for the Orb.
     0 | D:5      | Reached XP level 1. HP: 13/13 MP: 3/3
    42 | D:4      | Noticed a hound
   141 | D:4      | Noticed a black bear
   269 | D:3      | Succumbed to an adder's poison

Illustrated notes

Levels and vault maps discovered:
D:3:      layout_basic, vehumet_crystals, tgw_kikubaaqudgha,
          jmf_multi_god_temple, elyvilon_altar_4
D:4:      layout_basic
D:5:      layout_cave_pools, nicolae_dithmenos_through_a_glass_darkly,
          mainiacjoe_overflow_paths, serial_shops, nicolae_square_shop
D:6:      layout_gridville, uniq_duvessa, uniq_blork_the_orc, uniq_grinder

Action                     || total
---------------------------++-------
  Melee: Short sword       ||    25
    Use: Scroll            ||     2
         Potion            ||     2
   Stab: Sleeping          ||     1
 Armour: Leather armour    ||     2
  Dodge: Dodged            ||    19

Table legend: (Time is in decaauts)
 A = Elapsed time spent in this place.
 B = Non-inter-level travel time spent in this place.
 C = Inter-level travel time spent in this place.
 D = Time resting spent in this place.
 E = Time spent auto-exploring this place.
 F = Levels seen in this place.
 G = Mean time per level.
                   A        B        C        D        E       F      G
               +--------+--------+--------+--------+--------+-----+--------+
         Total |    252 |    198 |     54 |      0 |      0 |   4 |   63.0 |
       Dungeon |    252 |    198 |     54 |      0 |      0 |   4 |   63.0 |
               +--------+--------+--------+--------+--------+-----+--------+

Top non-repeatable levels by time:
     D:4: 124 daAuts
     D:3: 111 daAuts
     D:5: 14 daAuts
     D:6: 1 daAuts
